 Dungeon Crawl Stone Soup version 0.29.1-15-g9cfb28693d (webtiles) character file.

Game seed: 9840488077338760931

15 sentinel the Digger (level 2, 0/20 HPs)
             Began as a Meteoran Earth Elementalist on Aug 2, 2023.
             Slain by a black bear (3 damage)
             ... on level 4 of the Dungeon.
             The game lasted 00:01:22 (257 turns).

sentinel the Digger (Meteoran Earth Elementalist)    Turns: 257, Time: 00:01:23

Health: 0/20       AC:  2    Str:  9    XL:     2   Next: 88%
Magic:  3/6        EV: 12    Int: 16    God:
Gold:   0          SH:  0    Dex: 14    Spells: 3/6 levels left

rFire   . . .      SeeInvis .   (no weapon)
rCold   . . .      Faith    .   (no shield)
rNeg    . . .      Spirit   .   a - +0 robe
rPois   .          Reflect  .   (no helmet)
rElec   .          Harm     .   (no cloak)
rCorr   .          Rampage  .   (no gloves)
Will    .....                   (no boots)
Stlth   +.........              (no amulet)
HPRegen 0.06/turn               (no ring)
MPRegen 0.10/turn               (no ring)

@: glowing
A: sense surroundings 1, otherworldly, glowing, explore regen
a: no special abilities


You were on level 4 of the Dungeon.
You visited 1 branch of the dungeon, and saw 4 of its levels.

Inventory:

Armour
 a - a +0 robe (worn)
 d - a +0 kite shield
Scrolls
 f - a scroll of identify {unknown}
Potions
 b - a potion of magic
 c - a potion of mutation {unknown}
 e - 2 potions of brilliance {unknown}


   Skills:
 - Level 2.4 Dodging
 - Level 1.4 Stealth
 - Level 2.6 Spellcasting
 - Level 1.2 Transmutations
 + Level 4.6 Earth Magic


You had 3 spell levels left.
You knew the following spells:

 Your Spells              Type           Power      Damage    Failure   Level
a - Sandblast             Erth           34%        2d9       3%          1
j - Passwall              Tmut/Erth      9%         N/A       9%          2

Your spell library contained the following spells:

 Spells                   Type           Power      Damage    Failure   Level
 Stone Arrow              Conj/Erth      18%        3d8       22%         3
 Petrify                  Tmut/Erth      11%        N/A       50%         4


Dungeon Overview and Level Annotations

Branches:
Dungeon (4/15) Zot: 2129
 Temple: D:4-7

Altars:
Dithmenos
Yredelemnul

Annotations:
D:4 Dowan, Duvessa


Innate Abilities, Weirdness & Mutations

You passively map a small area around you.
You are easily found by Zot.
You glow in the dark.
You regain HP and MP as you explore.


Message History

Found a short sword.
As you open the door, it creaks loudly!
You hear a shout!
You hear an angry hiss.
The blast of sand hits the hobgoblin!
You kill the hobgoblin!
You can't see any susceptible monsters within range! (Use Z to cast anyway.)
You can't see any susceptible monsters within range! (Use Z to cast anyway.)
A ball python comes into view.
The ball python hisses angrily.
You hear a shout!
A ball python comes into view.
A goblin comes into view. It is wielding a +0 club.
The goblin shouts!
The ball python hisses angrily.
The blast of sand hits the ball python.
You kill the ball python!
The blast of sand hits the ball python!
You kill the ball python!
The blast of sand hits the goblin!
You kill the goblin!
Duvessa, Sister of Dowan comes into view.
She is wielding a +0 short sword.
You open the door.
Found a stone staircase leading up.
There is an open door here.
Duvessa says, "Where magic fails, the sword succeeds!"
There is a stone staircase leading up here.
Duvessa gestures with her weapon.
Casting: Sandblast (safe; 3% risk of failure)
Confirm with . or Enter, or press ? or * to list all spells.
Aiming: Passwall (safe; 9% risk of failure)
Press: ? - help, Dir - move target A rock wall.
Duvessa gestures with her weapon.
You begin to meditate on the wall.
You continue meditating on the rock. x2
Duvessa hits you with a +0 short sword.
You finish merging with the rock.
A phantom comes into view.
Casting: Passwall (safe; 9% risk of failure)
Confirm with . or Enter, or press ? or * to list all spells.
Aiming: Passwall (safe; 9% risk of failure)
Press: ? - help, Dir - move target A rock wall.
You begin to meditate on the wall.
You continue meditating on the rock. x2
The phantom hits you.
You finish merging with the rock.
The blast of sand hits the black bear!
The black bear is moderately wounded.
The ball python hisses angrily.
The blast of sand hits the black bear.
The black bear is moderately wounded.
Something unseen breaks down the door.
The black bear barely misses you.
The black bear claws you but does no damage.
The black bear claws you. The black bear misses you. The black bear claws you.
The black bear closely misses you.
The blast of sand hits the black bear!
The black bear is severely wounded.
The ball python bites you. The ball python grabs you.
The ball python constricts you.
The black bear goes berserk!
The phantom hits you.
The phantom blinks!
You blink.
The ball python loses its grip on you.
Found a stone staircase leading up.
Casting: Sandblast (safe; 3% risk of failure)
Confirm with . or Enter, or press ? or * to list all spells.
You don't know that spell.
Unknown command.
Casting: Sandblast (safe; 3% risk of failure)
Confirm with . or Enter, or press ? or * to list all spells.
Aiming: Sandblast (safe; 3% risk of failure)
Press: ? - help, Shift-Dir - straight line, f - phantom, p - black bear
Aim: a phantom (75% to hit)
The blast of sand hits the phantom.
The phantom is lightly damaged.
The phantom hits you.
The phantom blinks!
You blink.
You enter a teleport trap!
The teleport trap disappears.
Your surroundings suddenly seem different.
You hear an angry growl.
There is an open door here.
You hear an angry growl.
You hear an angry growl.
You hear an angry growl.
Casting: Sandblast (safe; 3% risk of failure)
Confirm with . or Enter, or press ? or * to list all spells.
Aiming: Passwall (safe; 9% risk of failure)
Press: ? - help, Dir - move target A rock wall.
You begin to meditate on the wall.
You continue meditating on the rock.
You hear an angry growl.
You continue meditating on the rock.
You finish merging with the rock.
You open the door.
You hear an angry growl.
There is an open door here.
You hear an angry growl.
You hear an angry growl.
Casting: Passwall (safe; 9% risk of failure)
Confirm with . or Enter, or press ? or * to list all spells.
Aiming: Passwall (safe; 9% risk of failure)
Press: ? - help, Dir - move target A rock wall.
You miscast Passwall.
You are very lightly contaminated with residual magic.
Nothing appears to happen.
You hear an angry growl.
Casting: Passwall (safe; 9% risk of failure)
Confirm with . or Enter, or press ? or * to list all spells.
Aiming: Passwall (safe; 9% risk of failure)
Press: ? - help, Dir - move target A rock wall.
You begin to meditate on the wall.
You continue meditating on the rock.
You hear an angry growl.
You continue meditating on the rock.
You finish merging with the rock.
Your magical contamination has completely faded away.
Casting: Passwall (safe; 9% risk of failure)
Confirm with . or Enter, or press ? or * to list all spells.
Aiming: Passwall (safe; 9% risk of failure)
Press: ? - help, Dir - move target A rock wall.
You begin to meditate on the wall.
You continue meditating on the rock. x2
You finish merging with the rock.
As you open the door, it creaks loudly!
Casting: Passwall (safe; 9% risk of failure)
Confirm with . or Enter, or press ? or * to list all spells.
You don't know that spell.
Unknown command.
There is an open door here.
You open the door.
A black bear comes into view.
The black bear growls angrily.
Casting: Passwall (safe; 9% risk of failure)
Confirm with . or Enter, or press ? or * to list all spells.
Okay, then.
Casting: Passwall (safe; 9% risk of failure)
Confirm with . or Enter, or press ? or * to list all spells.
You don't know that spell.
Unknown command.
The blast of sand hits the black bear!
The black bear is moderately wounded.
The black bear bites you! The black bear claws you.
The black bear barely misses you.
The blast of sand hits the black bear!
The black bear is severely wounded.
The black bear barely misses you. The black bear claws you. x2
The black bear completely misses you. The black bear claws you.
The black bear barely misses you.
Casting: Sandblast (safe; 3% risk of failure)
Confirm with . or Enter, or press ? or * to list all spells.
You don't know that spell.
Unknown command.
The blast of sand hits the black bear.
The black bear is almost dead.
The black bear closely misses you. The black bear claws you. x2
You die...

####### ,..... .... *
..#########
#####h#.......#
#....@#.......#
#.....#.......#
#.....'.......#
#.....#.......# #
#.....######### #
#......#......# #
#......#......# #
#......#......# #
#.....##...###########


You could see a black bear.

Vanquished Creatures
  3 endoplasms
  2 goblins
  A hobgoblin (D:4)
  A quokka (D:1)
  3 ball pythons
  A bat (D:2)
  A frilled lizard (D:2)
  3 rats
15 creatures vanquished.

Notes
Turn   | Place    | Note
-------+----------+-------------------------------------------
     0 | D:1      | sentinel the Meteoran Earth Elementalist began the quest
                  | for the Orb.
     0 | D:1      | Reached XP level 1. HP: 14/14 MP: 5/5
    53 | D:2      | Reached skill level 4 in Earth Magic
    54 | D:2      | Reached XP level 2. HP: 18/20 MP: 2/6
    58 | D:2      | Learned a level 2 spell: Passwall
   157 | D:3      | Found a basalt altar of Yredelemnul.
   157 | D:3      | Found a shadowy altar of Dithmenos.
   164 | D:4      | Noticed Dowan
   185 | D:4      | Noticed Duvessa
   204 | D:4      | Noticed a phantom
   211 | D:4      | Noticed a black bear
   254 | D:4      | Noticed a black bear
   257 | D:4      | Slain by a black bear

Illustrated notes

Levels and vault maps discovered:
D:1:      lightli_iron_boxes, layout_loops_ring
D:2:      layout_rooms, uniq_sigmund
D:3:      layout_loops_corners, nicolae_overflow_two_pavilions,
          dreamdust_princess_corridor
D:4:      layout_gridville, nicolae_shop_overcharged_wands, uniq_duvessa

Skill      XL: |  1 |
---------------+----+-----
Earth Magic    | 4 |  4.6
Dodging        | |  2.4
Stealth        | |  1.4
Spellcasting   | |  2.6
Transmutations | |  1.2

Action                   || total
-------------------------++-------
 Cast: Sandblast         ||    26
       Passwall          ||     7
Armor: Robe              ||     3
Dodge: Dodged            ||    13
